 Dungeon Crawl Stone Soup version 0.26-a0-639-g72c4674329 (webtiles) character file.

Game seed: 2685478675029340919

266458 Flugslaktarn the Severer (level 18, -15/188 HPs)
             Began as a Deep Dwarf Fighter on Sept 23, 2020.
             Was the Champion of Makhleb.
             Demolished by a juggernaut (63 damage)
             ... on level 5 of the Depths.
             The game lasted 00:20:38 (19996 turns).

Flugslaktarn the Severer (Deep Dwarf Fighter)      Turns: 19996, Time: 00:20:39

Health: -15/188    AC: 32    Str: 26    XL:     18   Next: 88%
Magic:  3/3        EV: 14    Int: 11    God:    Makhleb [******]
Gold:   546        SH: 25    Dex: 12    Spells: 17/17 levels left

rFire    . . .     SeeInvis .   a - +6 broad axe (freeze)
rCold    . . .     Faith    .   G - +0 tower shield of the Saviour {MR+}
rNeg     + . .     Spirit   .   y - +2 plate armour {MR+}
rPois    .         Reflect  +   s - +2 helmet
rElec    .         Harm     .   R - +2 cloak
rCorr    +         Rampage  .   n - +2 pair of gloves
MR       ++++.                  i - +2 pair of boots
Stlth    ..........             H - amulet of reflection
HPRegen  0.00/turn              v - +4 ring of evasion
MPRegen  0.08/turn              k - ring of resist corrosion

@: non-regenerating
A: damage resistance, heal wounds, negative energy resistance 1, sense
surroundings 3, no regeneration
}: 3/15 runes: serpentine, barnacled, abyssal
a: Heal Wounds, Minor Destruction, Lesser Servant of Makhleb, Major Destruction,
Greater Servant of Makhleb, Renounce Religion


You were on level 5 of the Depths.
You worshipped Makhleb.
Makhleb was exalted by your worship.
You visited 7 branches of the dungeon, and saw 35 of its levels.
You visited the Abyss 1 time.

You collected 2295 gold pieces.
You spent 1749 gold pieces at shops.

Inventory:

Hand Weapons
 a - a +6 broad axe of freezing (weapon)
   (You took it off an orc warrior on level 2 of the Orcish Mines)
 b - a +2 whip of distortion
   (You took it off an orc on level 4 of the Dungeon)
 p - a -1 executioner's axe
   (You found it on level 6 of the Dungeon)
Missiles
 B - 12 throwing nets (quivered)
Armour
 c - a +0 kite shield
 i - a +2 pair of boots (worn)
   (You found it on level 1 of the Lair of Beasts)
 n - a +2 pair of gloves (worn)
   (You found it on level 4 of the Dungeon)
 s - a +2 helmet (worn)
   (You found it on level 9 of the Dungeon)
 y - a +2 plate armour of magic resistance (worn)
   (You found it on level 8 of the Dungeon)
 E - a +2 plate armour of cold resistance
   (You took it off an orc warrior on level 2 of the Orcish Mines)
 G - the +0 tower shield of the Saviour (worn) {MR+}
   (You found it on level 13 of the Dungeon)

   It affects your resistance to hostile enchantments.
 R - a +2 cloak (worn)
   (You found it on level 3 of the Shoals)
Jewellery
 k - a ring of resist corrosion (right hand)
   (You found it on level 15 of the Dungeon)
 v - a +4 ring of evasion (left hand)
   (You took it off a minotaur on level 13 of the Dungeon)
 H - an amulet of reflection (around neck)
   (You found it on level 7 of the Dungeon)
 U - the amulet of Xiocrolue {Faith MR++}
   (You found it on level 4 of the Shoals)

   [amulet of faith]

   It allows you to gain divine favour quickly.
   It affects your resistance to hostile enchantments.
Wands
 f - a wand of digging (13)
   (You found it on level 8 of the Dungeon)
 m - a wand of enslavement (9)
   (You took it off a kobold on level 6 of the Dungeon)
 I - a wand of paralysis (14)
   (You took it off Joseph on level 1 of the Lair of Beasts)
 O - a wand of iceblast (11)
   (You found it on level 1 of the Shoals)
Scrolls
 g - 6 scrolls of fog
 o - 3 scrolls of enchant armour
 r - 9 scrolls of identify
 t - 14 scrolls of teleportation
 x - 14 scrolls of remove curse
 z - 2 scrolls of blinking
 D - 3 scrolls of fear
 P - a scroll of holy word
 T - a scroll of immolation
Potions
 d - 4 potions of might
 e - 2 potions of lignification
 h - 3 potions of haste
 j - 5 potions of flight
 q - 6 potions of curing
 u - a potion of berserk rage
 w - 4 potions of heal wounds
 A - 3 potions of ambrosia
 K - a potion of cancellation
 L - 2 potions of magic
 N - a potion of invisibility
Miscellaneous
 C - a tin of tremorstones (3/3)
   (You found it on level 1 of the Lair of Beasts)
 F - a condenser vane (2/2)
   (You bought it in a shop on level 11 of the Dungeon)


   Skills:
 * Level 18.1 Fighting
 * Level 18.6 Axes
 + Level 14.0 Armour
 + Level 9.1 Dodging
 + Level 14.1 Shields
 + Level 15.3 Invocations
 - Level 10.0 Evocations


You had 17 spell levels left.
You didn't know any spells.
Your spell library was empty.

Dungeon Overview and Level Annotations

Branches:
Dungeon (15/15)            Temple (1/1) D:5            Lair (4/6) D:9
 Shoals (4/4) Lair:2        Snake (4/4) Lair:4          Orc (2/2) D:12
    Elf (0/3) Orc:2        Vaults (0/5) D:13         Depths (5/5) D:15
    Zot: Depths:5

Altars:
Ashenzari
Cheibriados
Elyvilon
Fedhas
Gozag
Hepliaklqana
Kikubaaqudgha
Makhleb
Nemelex Xobeh
Okawaru
Qazlal
Ru
Sif Muna
Trog
Uskayaw
Xom
Yredelemnul

Shops:
D:8 ?=[:   D:11 }   Orc:2 }:}}   Snake:1 [:[   Snake:4 [?(=   Depths:1 (
Depths:3 !(

Portals:
Hell: Depths:1 Depths:4
Abyss: Depths:2
Trove: D:15 (give +3 storm dragon scales)

Annotations:
D:9 exclusion: door
D:11 3 runed translucent doors, p0werm0de's ghost, journeyman MiFi
D:14 2 transporters, Obakun's ghost, adept HaHu
D:15 Roxanne
Lair:3 exclusion: 2 oklob plants
Depths:2 2 transporters, Cyga's ghost, adept MiFi


Innate Abilities, Weirdness & Mutations

You are resistant to damage.
You can heal yourself by infusing magical energy.
You resist negative energy. (rN+)
You passively map a large area around you.
You do not regenerate.


Message History

You hit the yaktaur but do no damage. The juggernaut hits you!!!
* * * LOW HITPOINT WARNING * * *
The juggernaut hits you!
* * * LOW HITPOINT WARNING * * *
You are too injured to fight recklessly!
You are too injured to fight recklessly!
You are too injured to fight recklessly!
You are too injured to fight recklessly!
You are too injured to fight recklessly!
You are too injured to fight recklessly!
The yaktaur wields a +0 arbalest.
The yaktaur shoots a bolt.
You reflect the bolt off an invisible shield around you!
The bolt hits the yaktaur!
Your magical essence is drained by the effort!
You feel much better.
The yaktaur shoots a bolt.
You reflect the bolt off an invisible shield around you!
The bolt hits the yaktaur!
The juggernaut hits you!!!
You die...

, ∩, , , * , , * ,,
, , ,,* , * , , ,,,
, * , * #**
#########, , * . *#.
##CC@....# , , , , ,
,....#C##c.###......
* , , .......(.(+,
##... * , ,
.#.....c.!#* *# , *,
, .......##..# , * ,
** , , .(.....
....#* , * , *
....... ...... ,, ,
, ....... ...####* ,
,,...#... ,### , ,,


You could see a juggernaut, a fire giant and 2 yaktaurs.

Vanquished Creatures
  Bai Suzhen (Shoals:2)
  4 caustic shrikes (Depths:4)
  Gastronok (Lair:3)
  Agnes (Snake:2)
  12 nagarajas (Snake:4)
  A fire giant (Depths:2)
  A frost giant (Depths:1)
  A draconian scorcher (Abyss:4)
  An ironheart preserver (D:13)
  4 very ugly things (Abyss:4)
  4 stone giants
  The ghost of PrinceRibbit the Impaler, a journeyman MfIE of Kikubaaqudgha (D:13)
  A vampire knight (Depths:2)
  Nessos (D:13)
  A minotaur (D:13)
  2 merfolk javelineers
  3 ettins
  Josephine (D:13)
  10 merfolk impalers
  5 fire dragons
  2 yaktaur captains
  3 ice dragons
  4 spriggan air magi
  Harold (D:9)
  5 naga warriors
  7 hydras
  A catoblepas (D:15)
  2 merfolk avatars (Shoals:4)
  4 centaur warriors
  4 ogre magi
  11 anacondas
  2 satyrs
  5 merfolk aquamancers (Shoals:4)
  4 deep troll shamans
  11 two-headed ogres
  A queen ant (Lair:3)
  3 deep troll earth magi
  2 death yaks (Depths:4)
  5 spriggan berserkers
  9 naga sharpshooters
  4 shock serpents
  23 spriggans (Depths:4)
  A deep elf knight (Depths:4)
  2 wretched stars (Abyss:4)
  A spatial maelstrom (Abyss:4)
  5 unseen horrors
  An iron troll (Depths:2)
  3 salamander mystics
  14 sea snakes
  A kraken simulacrum (Shoals:4)
  11 deep trolls
  2 spriggan druids (Depths:4)
  A wizard (Depths:1)
  4 naga ritualists
  Pikel (D:8)
  A harpy (Shoals:4)
  9 orc knights
  7 salamanders
  2 mana vipers
  9 cyclopes
  13 ugly things
  An orc sorcerer (Orc:2)
  6 fauns
  A wolf spider (D:15)
  16 manticores
  A centaur zombie (D:15)
  6 merfolk sirens
  10 black mambas
  Joseph (Lair:1)
  5 guardian serpents
  Maurice (D:9)
  6 naga magi
  5 water nymphs
  8 cane toads
  A smoke demon (Abyss:4)
  2 gargoyles (D:14)
  A cane toad (shapeshifter) (D:13)
  6 yaktaurs
  3 rime drakes
  5 komodo dragons
  4 trolls
  4 tengu conjurers
  26 merfolk
  A queen bee (Abyss:4)
  11 hornets (Depths:4)
  5 meliai
  6 wind drakes
  A polar bear (Lair:3)
  4 dream sheep (Shoals:3)
  17 blink frogs
  15 slime creatures
  9 hippogriffs
  2 shadows
  4 snapping turtles
  3 vampires
  21 yaks
  8 water elementals
  8 wraiths
  3 wyverns
  4 fire bats (D:9)
  2 vampire mosquitoes (D:15)
  3 basilisks
  A spatial vortex (Abyss:4)
  4 wargs
  47 nagas
  Edmund (D:6)
  8 water moccasins
  3 soldier ants (Lair:3)
  3 porcupines (Lair:1)
  7 ice beasts
  45 orc warriors
  An eye of draining (D:14)
  2 black bears
  A sky beast (D:11)
  11 ogres
  8 boggarts
  3 wolves (Lair:3)
  33 centaurs
  12 crocodiles
  3 phantoms
  6 big kobolds
  17 bullfrogs
  A wyvern zombie (D:13)
  7 scorpions
  10 killer bees
  23 wights
  An electric eel (D:12)
  6 howler monkeys
  2 starcursed masses (D:15)
  2 bullfrog zombies
  6 hounds
  9 jellies
  A quasit (D:12)
  20 orc priests
  2 centaur skeletons
  16 orc wizards
  3 bullfrog skeletons
  An iguana (D:6)
  38 worker ants
  A hound skeleton (D:4)
  A worker ant zombie (D:7)
  8 gnolls
  A howler monkey skeleton (D:7)
  20 adders
  5 shadow imps
  A white imp (D:7)
  An ufetubus (D:6)
  2 oozes
  An adder zombie (D:5)
  2 worms
  3 dart slugs
  2 leopard geckos
  98 orcs
  6 bats
  3 giant cockroaches
  2 goblins
  10 jackals
  24 kobolds
  6 quokkas
  2 frilled lizards
  A quokka zombie (D:8)
  3 rats (D:2)
  A tentacle (Shoals:4)
1071 creatures vanquished.

Vanquished Creatures (collateral kills)
  5 hydras
  2 centaur warriors (D:15)
  A two-headed ogre (D:14)
  A manticore (D:12)
  A centaur zombie (D:13)
  A centaur skeleton (D:14)
  A meliai (D:14)
  2 slime creatures (D:14)
  A vampire (D:15)
  2 vampire mosquitoes (D:15)
  An acid dragon (D:12)
  An orc warrior (Orc:1)
  An eye of draining (D:14)
  A crocodile (Lair:1)
  An orc (Orc:1)
22 creatures vanquished.

Vanquished Creatures (others)
  A hydra (D:15)
  A naga mage (Snake:1)
  An orc wizard (D:8)
  A kobold (D:14)
  A fire vortex (D:9)
  18 fungi
  46 plants
  4 tentacles (Shoals:4)
73 creatures vanquished.

Grand Total: 1166 creatures vanquished

Notes
Turn   | Place    | Note
-------+----------+-------------------------------------------
     0 | D:1      | Flugslaktarn the Deep Dwarf Fighter began the quest for the
                  | Orb.
     0 | D:1      | Reached XP level 1. HP: 20/20 MP: 1/1
   159 | D:2      | Reached XP level 2. HP: 20/27 MP: 2/2
   348 | D:2      | Found a shimmering blue altar of Sif Muna.
   480 | D:3      | Reached XP level 3. HP: 23/34 MP: 3/3
   514 | D:4      | Reached XP level 4. HP: 27/42 MP: 4/4
   619 | D:4      | Reached XP level 5. HP: 40/50 MP: 5/5
   675 | D:4      | Found a shattered altar of Ashenzari.
  1411 | D:5      | Entered Level 5 of the Dungeon
  1438 | D:5      | Noticed an ice beast
  1453 | D:5      | Killed an ice beast
  1453 | D:5      | Reached XP level 6. HP: 40/57 MP: 6/6
  1619 | D:5      | Reached skill level 5 in Axes
  1619 | D:5      | Reached XP level 7. HP: 42/66 MP: 7/7
  1714 | D:5      | Reached skill level 5 in Fighting
  1762 | D:5      | Reached skill level 5 in Armour
  1762 | D:5      | Reached skill level 5 in Shields
  1968 | D:5      | Found a staircase to the Ecumenical Temple.
  1973 | Temple   | Entered the Ecumenical Temple
  2012 | Temple   | Became a worshipper of Makhleb the Destroyer
  2343 | D:6      | Noticed Edmund
  2351 | D:6      | Reached skill level 1 in Invocations
  2356 | D:6      | Reached XP level 8. HP: 75/75 MP: 5/7
  2362 | D:6      | Killed Edmund
  2466 | D:6      | Reached * piety under Makhleb
  2920 | D:7      | Found a sacrificial altar of Ru.
  2962 | D:7      | Found an opulent altar of Gozag.
  2966 | D:7      | Found an iron altar of Okawaru.
  2979 | D:7      | Gained mutation: You passively map the area around you.
                  | [Deep Dwarf growth]
  2979 | D:7      | Reached XP level 9. HP: 85/85 MP: 8/8
  3162 | D:7      | Found a stormy altar of Qazlal.
  3271 | D:7      | Reached ** piety under Makhleb
  3286 | D:7      | Found a sparkling altar of Nemelex Xobeh.
  3409 | D:7      | Killed an unseen horror
  3823 | D:8      | Reached skill level 5 in Invocations
  3902 | D:8      | Noticed Pikel
  3934 | D:8      | Killed Pikel
  3934 | D:8      | Reached XP level 10. HP: 58/96 MP: 10/10
  3989 | D:8      | Found Daynk's Jewellery Shoppe.
  4016 | D:8      | Reached *** piety under Makhleb
  4172 | D:8      | Found Dutenk's Book Shoppe.
  4271 | D:8      | Found Zyxtun's Magic Scroll Shoppe.
  4316 | D:8      | Found Itwair's Armour Shoppe.
  4377 | D:9      | Noticed Harold
  4401 | D:9      | Killed Harold
  4415 | D:9      | Noticed Maurice
  4431 | D:9      | Killed Maurice
  4510 | D:9      | Found a hazy altar of Hepliaklqana.
  4540 | D:9      | Found an ancient bone altar of Kikubaaqudgha.
  4746 | D:9      | Found a staircase to the Lair.
  4765 | D:9      | Reached skill level 10 in Axes
  4850 | D:9      | Found a snail-covered altar of Cheibriados.
  5193 | D:10     | Entered Level 10 of the Dungeon
  5281 | D:10     | Reached **** piety under Makhleb
  5464 | D:10     | Reached XP level 11. HP: 55/106 MP: 12/12
  5924 | D:11     | Noticed a two-headed ogre
  5925 | D:11     | Noticed a two-headed ogre
  5926 | D:11     | Noticed an ogre mage
  5937 | D:11     | Killed a two-headed ogre
  5954 | D:11     | Killed a two-headed ogre
  5973 | D:11     | Killed an ogre mage
  6022 | D:11     | Noticed a two-headed ogre
  6030 | D:11     | Killed a two-headed ogre
  6107 | D:11     | Reached ***** piety under Makhleb
  6278 | D:11     | Found Nocrexon's Gadget Shop.
  6289 | D:11     | Bought a condenser vane (2/2) for 260 gold pieces
  6361 | D:11     | Reached skill level 10 in Fighting
  6400 | D:11     | Found a runed translucent gate.
  6400 | D:11     | Found a runed translucent gate.
  6400 | D:11     | Found a runed translucent gate.
  6401 | D:11     | Found an opulent altar of Gozag.
  6402 | D:11     | Noticed p0werm0de's ghost (journeyman MiFi)
  6402 | D:11     | Noticed an orc warlord
  6548 | D:11     | Killed an unseen horror
  6548 | D:11     | Reached skill level 1 in Evocations
  6925 | D:11     | Killed an unseen horror
  6991 | D:12     | Reached XP level 12. HP: 90/116 MP: 9/9
  7348 | D:12     | Noticed a two-headed ogre
  7380 | D:12     | Killed a two-headed ogre
  7891 | D:12     | Found a staircase to the Orcish Mines.
  7951 | D:13     | Noticed a two-headed ogre
  7971 | D:13     | Killed a two-headed ogre
  7981 | D:13     | Found a runed translucent gate.
  7981 | D:13     | Found a runed translucent gate.
  7988 | D:13     | Found a runed translucent gate.
  7989 | D:13     | Noticed an ogre mage
  8008 | D:13     | Noticed PrinceRibbit's ghost (journeyman MfIE)
  8023 | D:13     | Noticed a minotaur
  8105 | D:13     | Killed an ogre mage
  8125 | D:13     | Killed PrinceRibbit's ghost
  8135 | D:13     | Got a twisted tower shield
  8145 | D:13     | HP: 5/118 [minotaur (6)]
  8155 | D:13     | Killed a minotaur
  8156 | D:13     | Identified the Collected Works on Ensnaring Displacement
  8171 | D:13     | Identified the +0 tower shield of the Saviour {MR+} (You
                  | found it on level 13 of the Dungeon)
  8342 | D:13     | Noticed Josephine
  8355 | D:13     | Killed Josephine
  8355 | D:13     | Reached skill level 5 in Evocations
  8425 | D:13     | Reached XP level 13. HP: 127/127 MP: 7/7
  8477 | D:13     | Reached skill level 10 in Invocations
  8506 | D:13     | Reached skill level 10 in Shields
  8514 | D:13     | Found a gate to the Vaults.
  8514 | D:13     | Noticed an ironheart preserver
  8609 | D:13     | Killed an ironheart preserver
  8662 | D:13     | Reached skill level 10 in Armour
  8990 | D:13     | Noticed Nessos
  8995 | D:13     | Killed Nessos
  9137 | D:14     | Found a transporter.
  9137 | D:14     | Noticed Obakun's ghost (adept HaHu)
  9138 | D:14     | Noticed an ettin
  9138 | D:14     | Identified the +6 great mace of the Pure Xenophobes {flame,
                  | *Slow rElec rPois Int+4}
  9138 | D:14     | Noticed a fire giant
  9352 | D:14     | Found a transporter.
  9729 | D:15     | Entered Level 15 of the Dungeon
  9863 | D:15     | Noticed a fire dragon
  9903 | D:15     | Killed a fire dragon
 10056 | D:15     | Found an opulent altar of Gozag.
 10259 | D:15     | Found a portal to a secret trove of treasure.
 10421 | D:15     | Gained mutation: You resist negative energy. (rN+) [Deep
                  | Dwarf growth]
 10421 | D:15     | Reached XP level 14. HP: 81/138 MP: 3/3
 10494 | D:15     | Identified a scroll of acquirement
 10494 | D:15     | Acquired a manual of Fighting
 10528 | D:15     | Found a staircase to the Depths.
 10759 | D:15     | Identified Roxanne's Almanac of Transmutation
 10759 | D:15     | Noticed Roxanne
 11079 | Lair:1   | Entered Level 1 of the Lair of Beasts
 11273 | Orc:1    | Entered Level 1 of the Orcish Mines
 11365 | Orc:2    | Entered Level 2 of the Orcish Mines
 11365 | Orc:2    | Found a staircase to the Elven Halls.
 11443 | Orc:2    | Reached ****** piety under Makhleb
 12095 | Orc:2    | Found Qageig's Gadget Shoppe.
 12095 | Orc:2    | Found Falann's Book Shop.
 12105 | Orc:2    | Found Aratsas's Gadget Boutique.
 12107 | Orc:2    | Found Paycex's Gadget Emporium.
 13181 | Lair:1   | Noticed Joseph
 13204 | Lair:1   | Killed Joseph
 13702 | Lair:2   | Found a staircase to the Shoals.
 13715 | Lair:2   | Reached XP level 15. HP: 138/150 MP: 3/3
 14243 | Lair:3   | Reached skill level 15 in Axes
 14426 | Lair:3   | Noticed Gastronok
 14427 | Lair:3   | You fall into a shaft and drop 1 floor!
 14627 | Lair:3   | Reached skill level 1 in Dodging
 14667 | Lair:3   | Killed Gastronok
 15286 | Lair:4   | Found a staircase to the Snake Pit.
 15305 | Snake:1  | Entered Level 1 of the Snake Pit
 15460 | Snake:2  | Noticed Agnes
 15492 | Snake:2  | Killed Agnes
 15786 | Shoals:1 | Entered Level 1 of the Shoals
 15869 | Shoals:2 | Reached skill level 10 in Evocations
 15943 | Shoals:3 | Reached skill level 15 in Fighting
 15962 | Shoals:3 | Noticed Bai Suzhen
 16005 | Shoals:2 | Killed Bai Suzhen
 16186 | Shoals:3 | Reached XP level 16. HP: 159/163 MP: 2/2
 16294 | Shoals:4 | Entered Level 4 of the Shoals
 16922 | Shoals:4 | Reached skill level 5 in Dodging
 17035 | Shoals:4 | Got a barnacled rune of Zot
 17283 | Shoals:4 | Got a faintly glowing copper amulet
 17419 | Shoals:4 | Identified the amulet of Xiocrolue {Faith MR++} (You found
                  | it on level 4 of the Shoals)
 17608 | Snake:1  | Found Xopiurug's Antique Armour Emporium.
 17610 | Snake:1  | Found Plog's Book Shoppe.
 17612 | Snake:1  | Found Iguviab's Armour Emporium.
 17624 | Snake:1  | Bought a garnet-encrusted plate armour for 980 gold pieces
 17634 | Snake:1  | Identified the cursed +0 plate armour of Gintoff {Dex+2}
                  | (You bought it in a shop on level 1 of the Snake Pit)
 17961 | Snake:4  | Entered Level 4 of the Snake Pit
 18021 | Snake:4  | Found Aschuan's Jewellery Boutique.
 18021 | Snake:4  | Found Fuhooc's Armour Shop.
 18022 | Snake:4  | Found Gyodohap's Magic Scroll Shop.
 18031 | Snake:4  | Found Kucvoisu's Weapon Boutique.
 18046 | Snake:4  | Bought 2 scrolls of enchant armour for 255 gold pieces
 18046 | Snake:4  | Bought a scroll of enchant armour for 127 gold pieces
 18046 | Snake:4  | Bought a scroll of blinking for 127 gold pieces
 18184 | Snake:4  | Reached XP level 17. HP: 125/175 MP: 3/3
 18403 | Snake:4  | Got a serpentine rune of Zot
 18796 | Depths:1 | Entered Level 1 of the Depths
 18831 | D:15     | Cast into level 4 of the Abyss (unwielding a weapon of
                  | distortion)
 18895 | Abyss:4  | Got an abyssal rune of Zot
 18982 | D:15     | Escaped the Abyss
 19143 | Depths:1 | Found a gateway to Hell.
 19160 | Depths:1 | Gained mutation: You passively map a large area around you.
                  | [Deep Dwarf growth]
 19160 | Depths:1 | Reached XP level 18. HP: 180/186 MP: 3/3
 19189 | Depths:1 | Found Zostroz's Weapon Shop.
 19256 | Depths:2 | Found a transporter.
 19256 | Depths:2 | Identified the +3 great mace "Piroas" {distort, rC- rN+++
                  | Str+3 Dex+3}
 19256 | Depths:2 | Noticed a hellephant
 19257 | Depths:2 | Found a one-way gate to the infinite horrors of the Abyss.
 19257 | Depths:2 | Noticed Cyga's ghost (adept MiFi)
 19257 | Depths:2 | Noticed a hellephant
 19259 | Depths:2 | Found a transporter.
 19449 | Depths:3 | Found Wahooxa's Weapon Shop.
 19477 | Depths:3 | Found Daonnina's Distillery.
 19511 | Depths:4 | Reached skill level 15 in Invocations
 19511 | Depths:4 | Noticed a tentacled monstrosity
 19779 | Depths:4 | Found a bloodstained altar of Trog.
 19871 | Depths:5 | Entered Level 5 of the Depths
 19871 | Depths:5 | Noticed a caustic shrike
 19871 | Depths:5 | Noticed a caustic shrike
 19871 | Depths:5 | Noticed a caustic shrike
 19872 | Depths:5 | Noticed a caustic shrike
 19884 | Depths:4 | Killed a caustic shrike
 19890 | Depths:4 | Killed a caustic shrike
 19892 | Depths:5 | Noticed a juggernaut
 19907 | Depths:4 | Killed a caustic shrike
 19938 | Depths:4 | Killed a caustic shrike
 19996 | Depths:5 | Demolished by a juggernaut

Illustrated notes

Levels and vault maps discovered:
D:1:      sevenhm_arrival_forest_fort_large_2, layout_basic, serial_glass,
          glass_columns_b, glass_columns_c
D:2:      minmay_door_path, layout_loops_ring, lemuel_doored_altar, uniq_robin
D:3:      layout_basic, vehumet_crystals, tso_altar
D:4:      layout_loops_corners, nicolae_ashenzari_panopticon, nrook_campfire
D:5:      layout_loops_ring, minmay_temple_entry_wispy, serial_bayou_pond_c,
          serial_bayou_ford_a
D:6:      old_forge, layout_basic, uniq_edmund
D:7:      layout_loops_ring, kennysheep_little_box, grunt_temple_overflow_open,
          basic_altar, hangedman_decor_growths, grunt_ministairs_7,
          grunt_decor_mini_mirrors, nicolae_ru_path_of_blood
D:8:      layout_basic, serial_shops, shop, nicolae_shop_crystal,
          nicolae_shop_behind_doors, nicolae_shop_waterfront, uniq_pikel
D:9:      layout_basic, overflow_temple_1_default, cheibrodos_worm_habitat,
          kiku_gazebo_pond_becter, erik_lair_orcish_takeover, serial_rivers,
          chequers_serial_rivers_micro_a, chequers_serial_rivers_marsh,
          chequers_serial_rivers_room_a, chequers_serial_rivers_small_3,
          hangedman_incinerator, uniq_maurice, uniq_harold
D:10:     layout_long_grid, ebering_dispersal_statue_hall
D:11:     layout_roguey, serial_shops, kennysheep_mini_moat, ebering_ghost_gozag
D:12:     layout_roguey, erik_orc_2
D:13:     layout_long_grid, skrybe_vaults_entry_preservation,
          maelrawn_ghost_gauntlet_escape, uniq_nessos, uniq_josephine
D:14:     layout_cave_pools, gammafunk_ghost_smash, minmay_misc_feat_iff
D:15:     grunt_enter_depths_snipers, layout_loops_cross, chequers_jeans,
          nicolae_trove_entry_free_sample, grunt_gozag_statues, uniq_roxanne
Temple:   nicolae_temple_hex_pool
Lair:1:   layout_long_grid, minmay_shattered_shrine, uniq_joseph
Lair:2:   layout_gridlike, minmay_shoals_entry_beasts, serial_bayou_shore_b
Lair:3:   layout_gridlike, st_stairs_12, zaba_antful_of_joy,
          minmay_lair_oklob_chamber, grunt_megastairs_5, uniq_gastronok
Lair:4:   layout_regular_city, guppyfry_snake_entry_island, ice2_lemuel
Shoals:1: layout_shoals, serial_shops, shop_statue,
          nicolae_shoals_cliffside_cave
Shoals:2: layout_shoals, yaktaur_hedge, uniq_polyphemus, uniq_ilsuiw, uniq_kirke
Shoals:3: layout_shoals, uniq_bai_suzhen
Shoals:4: shoals_end_grunt_ice, layout_shoals, shoal_ilsuiw
Snake:1:  layout_grid_shapes, special_room, nicolae_snake_biting_tails,
          minmay_snake_pond, minmay_shop_star
Snake:2:  layout_basic, uniq_louise, uniq_vashnia, uniq_aizul, uniq_agnes
Snake:3:  layout_basic, serial_shops, shop, serial_bayou_shore_b
Snake:4:  grunt_snake_rune_pools, layout_cave_town, minmay_shoptagon,
          lemuel_fruit_tree
Orc:1:    layout_caves
Orc:2:    st_orc_rangers, layout_caves
Depths:1: layout_big_octagon, hell_entry, serial_shops,
          nicolae_shop_statue_plus, minmay_stone_trees_small, st_stairs_6,
          minivault_14, pandoras_box_mu
Depths:2: little_maze_vault, layout_basic, grunt_hell_entry_dis_old,
          gammafunk_ghost_abyssal_escape, lemuel_round_altar, serial_shops,
          kennysheep_mini, serial_bayou_shore_b, uniq_asterion
Depths:3: grunt_twisty_corner, layout_cave_pools, serial_shops, shop,
          shop_fountains, shop, grunt_pan_entry_spiral,
          abyss_entry_small_statue_room, hell_entry,
          nicolae_transmutations_shop, st_stairs_6, columned_hall_lemuel,
          kennysheep_generic_room_5
Depths:4: spriggan_forest, abyss_entry, hell_entry
Depths:5: grunt_zot_entry_gee_three, layout_cave_shapes, enter_ziggurat_f,
          hell_entry, serial_shops, shop, pan_entry, minmay_shop_grove,
          serial_bayou_shore_b

Skill      XL: |  1  2  3  4  5  6  7  8  9 10 11 12 13 14 15 16 17 18 |
---------------+-------------------------------------------------------+-----
Fighting       | 3 4 5 6 7 9 10 11 12 13 15 16 17 18 | 18.1
Axes           | 3 4 5 6 7 8 10 11 12 13 14 15 16 17 18 | 18.6
Armour         | 4 5 6 7 8 9 10 11 12 13 14 | 14.0
Shields        | 4 5 6 7 9 10 11 12 13 14 | 14.1
Invocations    | 1 3 5 7 8 9 11 12 13 14 15 | 15.3
Evocations     | 1 5 7 9 10 | 10.0
Dodging        | 4 6 7 9 |  9.1

Action                   |  1- 3 |  4- 6 |  7- 9 | 10-12 | 13-15 | 16-18 || total
-------------------------+-------+-------+-------+-------+-------+-------++-------
Melee: War axe           |    43 |   116 |   447 |   966 |   688 |       ||  2260
       Broad axe         |       |       |       |       |   687 |  1208 ||  1895
Invok: Lesser Servant of |       |       |       |     2 |    25 |       ||    27
 Abil: Heal Wounds       |       |     5 |     8 |    28 |    29 |     9 ||    79
Evoke: Condenser vane    |       |       |       |     2 |     5 |     4 ||    11
       Wand              |       |       |       |     1 |    11 |       ||    12
       Tin of tremorston |       |       |       |       |     5 |     6 ||    11
  Use: Potion            |       |     3 |     1 |     4 |     1 |     2 ||    11
       Scroll            |       |     5 |     8 |     8 |    17 |     9 ||    47
 Stab: Held in net/web   |       |       |     1 |       |       |       ||     1
Armor: Scale mail        |    14 |    46 |    47 |       |       |       ||   107
       Chain mail        |       |       |   202 |    16 |       |       ||   218
       Plate armour      |       |       |       |   535 |   995 |   494 ||  2024
Dodge: Dodged            |     9 |    40 |   124 |   165 |   428 |   373 ||  1139
Block: Kite shield       |    23 |    68 |   275 |   771 |       |       ||  1137
       Reflection        |       |       |       |    35 |   184 |   136 ||   355
       Tower shield      |       |       |       |   147 |  2052 |  1580 ||  3779

Table legend: (Time is in decaauts)
 A = Elapsed time spent in this place.
 B = Non-inter-level travel time spent in this place.
 C = Inter-level travel time spent in this place.
 D = Time resting spent in this place.
 E = Time spent auto-exploring this place.
 F = Levels seen in this place.
 G = Mean time per level.
                   A        B        C        D        E       F      G
               +--------+--------+--------+--------+--------+-----+--------+
         Total |  20079 |  18112 |   1967 |    392 |  10557 |  36 |  557.8 |
       Dungeon |  11659 |  10615 |   1044 |    273 |   6572 |  15 |  777.3 |
        Temple |     50 |     28 |     22 |      0 |     26 |   1 |   50.0 |
          Lair |   3003 |   2719 |    284 |      0 |   2017 |   4 |  750.8 |
        Shoals |   1781 |   1620 |    161 |      0 |    738 |   4 |  445.2 |
     Snake Pit |   1361 |   1053 |    308 |     30 |    398 |   4 |  340.2 |
  Orcish Mines |   1136 |   1027 |    109 |     42 |    476 |   2 |  568.0 |
        Depths |    949 |    912 |     37 |     47 |    287 |   5 |  189.8 |
         Abyss |    135 |    135 |      0 |      0 |     43 |   1 |  135.0 |
               +--------+--------+--------+--------+--------+-----+--------+

Top non-repeatable levels by time:
    D:15: 1295 daAuts
Shoals:4: 1191 daAuts
    D:13: 1172 daAuts
    D:11: 1106 daAuts
    D:12: 1093 daAuts
  Lair:1: 988 daAuts
     D:9: 985 daAuts
     D:7: 959 daAuts
     D:4: 937 daAuts
     D:5: 931 daAuts
  Lair:3: 882 daAuts
   Orc:2: 873 daAuts
  Lair:2: 855 daAuts
    D:10: 819 daAuts
    D:14: 695 daAuts
